Description

practise build upload

Replay - Acropolis LE (21)

Build Order

Get SALT Encoding   

  12  0:01  SCV  
  13  0:13  SCV  
  14  0:17  Supply Depot  
  14  0:25  SCV  
  14  0:28  Refinery  
  15  0:38  SCV  
  16  0:45  Barracks  
  16  0:52  SCV  
  17  0:59  Refinery  
  17  1:32  Orbital Command  
  17  1:37  Factory  
  17  1:38  Barracks Tech Lab  
  17  1:43  Barracks  
  17  1:54  Barracks  
  17  2:05  Stimpack  
  17  2:11  SCV  
  18  2:28  Starport  
  18  2:31  SCV  
  18  2:34  Factory Reactor  
  19  2:42  Marine x2  
  21  2:51  Supply Depot  
  21  2:58  SCV  
  21  3:02  Marine x3  
  25  3:14  SCV  
  26  3:23  Medivac x2  
  30  3:28  Marine x2  
  32  3:36  Marine  
  33  3:46  Marine x2  
  36  4:04  Supply Depot  
Spawning Tool Build Advisor. Get it on Overwolf

Analysis

see above

Go to:

Details

  • Created by: Mediceye
  • Published on: Jun 16, 2019
  • Modified on: Jun 16, 2019
  • Patch: 4.7.1
Show
View Real Time Build Order
Export as new Build Order

Comments (0)

There are no comments. Be the first!

Create an account to comment!